 Dungeon Crawl Stone Soup version 0.19.5 (webtiles) character file.

31166 tof the Fighter (level 13, 0/99 HPs)
             Began as a Demonspawn Fighter on Mar 2, 2017.
             Was a High Priest of Ru.
             Slain by a white ugly thing (19 damage)
             ... on level 15 of the Dungeon.
             The game lasted 01:27:53 (20301 turns).

tof the Fighter (Demonspawn Fighter)               Turns: 20301, Time: 01:27:54

Health: 0/99       AC: 18    Str: 13 (14) XL:     13   Next: 24%
Magic:  0/13       EV:  7    Int:  8 (9)  God:    Ru [*****.]
Gold:   820        SH: 11    Dex: 15      Spells: 0 memorised, 12 levels left

rFire  + . .     SeeInvis .     T - +5 spear (venom)
rCold  . . .     Gourm    .     K - +1 chain mail "Ytuw" {rElec MR+}
rNeg   + . .     Faith    .     (no shield)
rPois  .         Spirit   +     (helmet restricted)
rElec  +         Reflect  +     t - +2 cloak
rCorr  .         Harm     .     D - +0 pair of gloves
MR     ++...                    c - +2 pair of boots
Stlth  ..........               Q - +3 amulet of reflection
                                P - ring of protection from fire
                                Y - ring of positive energy

@: no status effects
A: horns 2, talons 2, large bone plates 3, blurry vision 2, clumsy 1, cold
resistance 1, deformed body, demonic guardian 2, deterioration 1, dopey 1, fire
resistance 1, frail 1, magic resistance 1, sense surroundings 1, electricity
resistance, weak 1, magic shield, magic regeneration, no stealth, hated by all,
no charms magic, no ice magic, no necromancy magic, temperature sensitive
a: Draw Out Power, Power Leap, Apocalypse, Renounce Religion


You were on level 15 of the Dungeon.
You worshipped Ru.
Ru was extremely pleased with you.
You were not hungry.

You visited 2 branches of the dungeon, and saw 16 of its levels.

You collected 820 gold pieces.

Inventory:

Hand Weapons
 a - a +1 trident
 e - a +0 halberd
 C - a +2 halberd
 T - a +5 spear of venom (weapon)
Armour
 c - a +2 pair of boots (worn)
 r - a +2 scale mail of magic resistance
 t - a +2 cloak (worn)
 D - a +0 pair of gloves (worn)
 K - the +1 chain mail "Ytuw" (worn) {rElec MR+}
   (You found it on level 9 of the Dungeon)

   It insulates you from electricity.
   It affects your resistance to hostile enchantments.
Jewellery
 g - an uncursed ring of flight
 p - an uncursed amulet of rage
 v - an uncursed amulet of harm
 F - an uncursed amulet of magic regeneration
 P - a ring of protection from fire (right hand)
 Q - a +3 amulet of reflection (around neck)
 Y - a ring of positive energy (left hand)
Wands
 h - a wand of acid (4/15)
 j - a wand of lightning (7/15)
 s - a wand of disintegration (13/24)
 w - a wand of flame (25/48)
 x - a wand of iceblast (5/15)
 y - a wand of digging (6/24)
 E - a wand of disintegration (10/24)
 G - a wand of disintegration (8/24)
 H - a wand of random effects (25/48)
 J - a wand of acid (5/15)
 R - a wand of polymorph (5/24)
 U - a wand of iceblast (2/15)
 V - a wand of iceblast (5/15)
Scrolls
 i - a scroll of fear
 k - 3 scrolls of recharging
 l - 3 scrolls of remove curse
 m - 7 scrolls of amnesia
 u - 7 scrolls of identify
 B - 9 scrolls of teleportation
 N - 2 scrolls of magic mapping
Potions
 b - a potion of flight
 d - a potion of might
 n - 2 potions of agility
 I - a potion of resistance
 L - a potion of invisibility
 W - 2 potions of haste
 X - 2 potions of curing
Books
 S - a book of Clouds

   Spells                             Type                      Level
   a - Mephitic Cloud                 Conjuration/Poison/Air       3
   b - Conjure Flame                  Conjuration/Fire             3
   c - Poisonous Cloud                Conjuration/Poison/Air       6
   d - Freezing Cloud                 Conjuration/Ice/Air          6
   e - Ring of Flames                 Charms/Fire                  7
Comestibles
 f - 9 bread rations
 o - 6 beef jerkies
 q - 9 meat rations
 M - a fruit
 O - 11 royal jellies


   Skills:
 * Level 13.0 Fighting
 * Level 12.1 Polearms
 * Level 12.2 Armour
 - Level 0.6 Dodging
   Level 3.1 Shields


You had 12 spell levels left.
You didn't know any spells.

Dungeon Overview and Level Annotations

Branches:
Dungeon (15/15)            Temple (1/1) D:6            Lair (0/6) D:8
    Orc (0/2) D:9          Vaults (0/5) D:14
 Depths: D:15

Altars:
Ashenzari
Cheibriados
Dithmenos
Elyvilon
Fedhas
Gozag
Hepliaklqana
Kikubaaqudgha
Makhleb
Nemelex Xobeh
Okawaru
Qazlal
Ru
Sif Muna
Trog
Uskayaw
Vehumet
Xom
Yredelemnul
Zin
The Shining One

Shops:
D:5 }   D:14 (   D:15 (


Innate Abilities, Weirdness & Mutations

You have razor-sharp toenails.
You are completely covered in large bone plates. (SH +8)
A demonic guardian rushes to your aid.
When hurt, damage is shared between your health and your magic reserves.
You regenerate magic rapidly.
You cannot be stealthy.
You are hated by all.
You cannot study or cast Charms magic.
You cannot study or cast Ice magic.
You cannot study or cast Necromancy magic.
You are sensitive to extremes of temperature. (rF-, rC-)
You have a pair of horns on your head.
Scrolls take you longer to read.
You are clumsy. (Dex -2)
Your flesh is cold resistant. (rC+)
Armour fits poorly on your strangely shaped body.
Your body sometimes deteriorates upon taking damage.
You are dopey. (Int -2)
Your flesh is heat resistant. (rF+)
You are frail. (-10% HP)
You are resistant to hostile enchantments. (MR+)
You passively map a small area around you.
You are resistant to electric shocks. (rElec)
You are weak. (Str -2)


Message History

The white ugly thing is moderately wounded.
The white ugly thing tentacle-slaps you.
The white ugly thing freezes you!!
* * * LOW HITPOINT WARNING * * *
Your body deteriorates!
You feel dopey.
You don't have enough magic at the moment.
Okay, then.
You feel much better.
The white ugly thing tentacle-slaps you.
* * * LOW HITPOINT WARNING * * *
The white ugly thing freezes you!
* * * LOW HITPOINT WARNING * * *
You hit the white ugly thing but do no damage.
The white ugly thing is heavily wounded.
The white ugly thing tentacle-slaps you but does no damage.
Okay, then.
You feel better. The white ugly thing engulfs you.
* * * LOW HITPOINT WARNING * * *
The white ugly thing freezes you!!
You die...

.....###....)##..#.....#.#...#
..<....'.....((..#.#...#.#...#
########.......(.#...#.#.#...#
#.........#####.#.#...#
#####........(..#(#...####
#############.#....##.
#...........#.'....##.
#.#########.###....##.
#[#.u@.# #.###....##.
#.#u##u####.#.........
#.#.......#.##.##..... *
#.#..#.##.#..<..+.....
#.#..#.#.......##....# , *
#.#..#.#.......##....# *
#.####.#...###.##....# ,##
#......#u.o# #.##....# ,
+..#########.#.# #..<.....


You could see 3 ugly things.

Vanquished Creatures
  Louise (D:14)
  Josephine (D:14)
  A vault guard (D:14)
  2 hydras (D:12)
  3 centaur warriors
  4 unseen horrors
  Pikel (D:6)
  A harpy (D:14)
  2 ugly things
  A wolf spider zombie (D:14)
  5 cyclopes
  A salamander (shapeshifter) (D:14)
  3 manticores
  A deep elf mage (D:14)
  3 centaur zombies (D:14)
  2 ice devils (D:14)
  2 freezing wraiths (D:14)
  A jumping spider (shapeshifter) (D:13)
  3 hornets (D:8)
  2 two-headed ogres
  5 hippogriffs
  3 slime creatures (D:12)
  A shadow (D:14)
  3 wraiths (D:13)
  20 yaks
  3 hungry ghosts (D:12)
  6 vampire mosquitoes (D:14)
  Edmund (D:6)
  A water moccasin (D:8)
  Duvessa (D:7)
  6 orc warriors
  2 sky beasts
  2 ice beasts
  2 phantoms (D:11)
  11 centaurs
  8 ogres
  A big kobold (D:14)
  3 bullfrogs
  Blork the orc (D:5)
  Dowan (D:7)
  2 wyvern skeletons
  4 scorpions
  9 killer bees
  12 wights
  5 howler monkeys
  4 crimson imps
  2 quasits
  10 orc priests
  4 jellies
  10 orc wizards
  9 hounds
  7 centaur skeletons
  Jessica (D:3)
  4 iguanas
  11 worker ants
  2 hound zombies (D:5)
  A hound skeleton (D:4)
  A mummy (D:6)
  2 worker ant zombies
  Robin (D:3)
  2 gnolls (D:3)
  12 adders
  3 shadow imps
  An ooze (D:3)
  3 worms
  2 dart slugs
  5 leopard geckos
  61 orcs
  7 giant cockroaches
  13 goblins
  9 hobgoblins
  6 jackals
  3 quokkas
  A ball python (D:6)
  10 bats
  9 frilled lizards
  A hobgoblin zombie (D:6)
  15 kobolds
  2 kobold zombies (D:6)
  An orc zombie (D:6)
  4 rats
392 creatures vanquished.

Vanquished Creatures (collateral kills)
  A hippogriff (D:7)
  2 yaks
  A sky beast (D:9)
  The ghost of juanjsm the Sneak, an amateur SpEn (D:3)
  A wight (D:9)
  An orc priest (D:5)
  A gnoll (D:3)
  2 orcs
  2 goblins (D:3)
12 creatures vanquished.

Vanquished Creatures (others)
  A hill giant (D:14)
  A cyclops (D:14)
  A gargoyle (D:14)
  2 slaves (D:6)
  3 centaurs
  2 orc wizards
  2 hounds (D:6)
  An adder (D:6)
  A leopard gecko (D:6)
  3 orcs (D:6)
  2 kobolds (D:14)
19 creatures vanquished.

Grand Total: 423 creatures vanquished

Notes
Turn   | Place    | Note
-------+----------+-------------------------------------------
     0 | D:1      | tof the Demonspawn Fighter began the quest for the Orb.
     0 | D:1      | Reached XP level 1. HP: 18/18 MP: 1/1
   299 | D:1      | Gained mutation: When hurt, damage is shared between your health and your magic reserves. [demonic ancestry]
   299 | D:1      | Reached XP level 2. HP: 24/24 MP: 2/2
  1054 | D:2      | Gained mutation: You have sharp toenails. [demonic ancestry]
  1054 | D:2      | Reached XP level 3. HP: 27/29 MP: 3/3
  1995 | D:3      | Gained mutation: A weak demonic guardian rushes to your aid. [demonic ancestry]
  1995 | D:3      | Reached XP level 4. HP: 24/35 MP: 2/4
  2511 | D:3      | Noticed Robin
  2518 | D:3      | Killed Robin
  2768 | D:3      | Gained mutation: You regenerate magic rapidly. [demonic ancestry]
  2768 | D:3      | Reached XP level 5. HP: 38/41 MP: 3/5
  2936 | D:3      | Noticed Jessica
  2949 | D:3      | Killed Jessica
  2949 | D:3      | Reached skill level 4 in Fighting
  2977 | D:3      | Noticed juanjsm's ghost (amateur SpEn)
  2995 | D:3      | Killed juanjsm's ghost
  2995 | D:3      | Gained mutation: You have razor-sharp toenails. [demonic ancestry]
  2995 | D:3      | Reached XP level 6. HP: 30/48 MP: 6/6
  4454 | D:4      | Gained mutation: You are partially covered in large bone plates. (SH +4) [demonic ancestry]
  4454 | D:4      | Reached XP level 7. HP: 44/55 MP: 5/7
  4636 | D:4      | Reached skill level 5 in Fighting
  4792 | D:5      | Entered Level 5 of the Dungeon
  4794 | D:5      | Found an iron altar of Okawaru.
  4860 | D:5      | Gained mutation: You possess an exceptional clarity of mind. [mutagenic meat]
  4861 | D:5      | Gained mutation: Your spells are a little easier to cast, but a little less powerful. [mutagenic meat]
  4862 | D:5      | Gained mutation: You are frail. (-10% HP) [mutagenic meat]
  4863 | D:5      | Lost mutation: Your spells are a little easier to cast, but a little less powerful. [mutagenic meat]
  5101 | D:5      | Noticed Blork the orc
  5117 | D:5      | Killed Blork the orc
  5117 | D:5      | Reached skill level 5 in Polearms
  5117 | D:5      | Reached skill level 5 in Armour
  5251 | D:5      | Found Nuoviwn's Gadget Shop.
  5473 | D:5      | Gained mutation: You are mostly covered in large bone plates. (SH +6) [demonic ancestry]
  5473 | D:5      | Reached XP level 8. HP: 57/57 MP: 8/8
  6041 | D:6      | Reached skill level 6 in Fighting
  6077 | D:6      | Noticed Edmund
  6091 | D:6      | Killed Edmund
  6263 | D:6      | Noticed Pikel
  6295 | D:6      | Killed Pikel
  6846 | D:6      | Found a staircase to the Ecumenical Temple.
  6871 | D:6      | Reached skill level 7 in Fighting
  6893 | Temple   | Entered the Ecumenical Temple
  7051 | Temple   | Became a worshipper of Ru the Awakened
  7323 | D:6      | Reached XP level 9. HP: 50/64 MP: 9/9
  7797 | D:7      | Noticed Dowan
  7803 | D:7      | Noticed Duvessa
  7814 | D:7      | Killed Duvessa
  7819 | D:7      | Killed Dowan
  8114 | D:7      | Found a blossoming altar of Fedhas.
  8154 | D:8      | Found a staircase to the Lair.
  8265 | D:8      | Paralysed by a hornet for 3 turns
  8278 | D:8      | Paralysed by a hornet for 2 turns
  8288 | D:8      | Paralysed by a hornet for 1 turns
  8290 | D:8      | Paralysed by a hornet for 2 turns
  8291 | D:8      | HP: 2/65 [hornet (7)]
  8572 | D:8      | Paralysed by a hornet for 1 turns
  8580 | D:8      | Reached skill level 8 in Fighting
  8778 | D:8      | Gained mutation: You cannot study or cast Ice magic. [Ru sacrifice]
  8778 | D:8      | Gained mutation: You cannot study or cast Necromancy magic. [Ru sacrifice]
  8778 | D:8      | Gained mutation: You cannot study or cast Charms magic. [Ru sacrifice]
  8778 | D:8      | Reached * piety under Ru
  8784 | D:8      | Gained mutation: You are clumsy. (Dex -2) [potion of mutation]
  8784 | D:8      | Gained mutation: Scrolls take you a little longer to read. [potion of mutation]
  8784 | D:8      | Gained mutation: You evolve. [potion of mutation]
  8918 | D:8      | Found a basalt altar of Yredelemnul.
  9659 | D:8      | Paralysed by a hornet for 3 turns
 10287 | D:9      | Got a smoking chain mail
 10298 | D:9      | Identified the cursed +1 chain mail "Ytuw" {rElec MR+} (You found it on level 9 of the Dungeon)
 10522 | D:9      | Gained mutation: Your body sometimes deteriorates upon taking damage. [mutagenic meat]
 10523 | D:9      | Gained mutation: You are dopey. (Int -2) [mutagenic meat]
 10524 | D:9      | Gained mutation: You are weak. (Str -2) [mutagenic meat]
 10525 | D:9      | Gained mutation: You have a pair of small horns on your head. [mutagenic meat]
 10741 | D:9      | Found a staircase to the Orcish Mines.
 11207 | D:9      | Gained mutation: Scrolls take you longer to read. [evolution]
 11253 | D:9      | Reached XP level 10. HP: 58/73 MP: 10/10
 11619 | D:9      | Gained mutation: You are sensitive to extremes of temperature. (rF-, rC-) [Ru sacrifice]
 11619 | D:9      | Reached ** piety under Ru
 11619 | D:9      | Reached *** piety under Ru
 11619 | D:9      | Reached **** piety under Ru
 11638 | D:9      | Reached skill level 9 in Fighting
 11797 | D:10     | Entered Level 10 of the Dungeon
 11931 | D:10     | Killed an unseen horror
 12114 | D:10     | Gained mutation: Your flesh is cold resistant. (rC+) [evolution]
 12159 | D:10     | Killed an unseen horror
 12465 | D:11     | Gained mutation: You passively map a small area around you. [potion of beneficial mutation]
 12514 | D:11     | Reached skill level 10 in Fighting
 12822 | D:11     | Noticed a white ugly thing
 12840 | D:11     | Killed a white ugly thing
 12840 | D:11     | Reached XP level 11. HP: 81/81 MP: 11/11
 12953 | D:11     | Gained mutation: You are hated by all. [Ru sacrifice]
 12953 | D:11     | Reached ***** piety under Ru
 13228 | D:12     | Noticed an eight-headed hydra
 13261 | D:12     | Killed an eight-headed hydra
 13532 | D:12     | Noticed a four-headed hydra
 13546 | D:12     | Killed a four-headed hydra
 13727 | D:12     | Reached skill level 10 in Armour
 13983 | D:12     | Reached skill level 10 in Polearms
 14302 | D:12     | Reached skill level 11 in Fighting
 14933 | D:13     | Noticed an unseen horror
 15188 | D:12     | Killed an unseen horror
 15459 | D:13     | Noticed a purple ugly thing
 15496 | D:13     | Killed a purple ugly thing
 15562 | D:13     | Found a deep blue altar of Sif Muna.
 15978 | D:12     | Gained mutation: You are completely covered in large bone plates. (SH +8) [demonic ancestry]
 15978 | D:12     | Reached XP level 12. HP: 83/90 MP: 10/12
 16343 | D:13     | Gained mutation: Armour fits poorly on your strangely shaped body. [mutagenic meat]
 16344 | D:13     | Gained mutation: Your flesh is heat resistant. (rF+) [mutagenic meat]
 16345 | D:13     | Gained mutation: You are resistant to hostile enchantments. (MR+) [mutagenic meat]
 16346 | D:13     | Lost mutation: You possess an exceptional clarity of mind. [mutagenic meat]
 16437 | D:14     | Noticed Josephine
 16482 | D:13     | Gained mutation: You cannot be stealthy. [Ru sacrifice]
 16580 | D:14     | Killed Josephine
 16962 | D:14     | Found Datwaph's Antique Weapon Boutique.
 17020 | D:14     | Reached skill level 12 in Fighting
 17315 | D:14     | Noticed a centaur warrior
 17335 | D:14     | Killed a centaur warrior
 17445 | D:14     | Gained mutation: You have a pair of horns on your head. [evolution]
 17457 | D:14     | Noticed a centaur warrior
 17469 | D:14     | Killed a centaur warrior
 17988 | D:14     | Noticed Louise
 18061 | D:14     | Killed Louise
 18540 | D:14     | Gained mutation: A demonic guardian rushes to your aid. [demonic ancestry]
 18540 | D:14     | Reached XP level 13. HP: 21/98 MP: 6/13
 19115 | D:14     | Found a sacrificial altar of Ru.
 19401 | D:14     | Gained mutation: You are resistant to electric shocks. (rElec) [evolution]
 19401 | D:14     | Lost mutation: You evolve. [end of evolution]
 19490 | D:14     | Reached skill level 13 in Fighting
 19689 | D:14     | Found a gate to the Vaults.
 19755 | D:15     | Entered Level 15 of the Dungeon
 20107 | D:15     | Found Uzack's Weapon Emporium.
 20301 | D:15     | Slain by a white ugly thing

Skill      XL: |  1  2  3  4  5  6  7  8  9 10 11 12 13 |
---------------+----------------------------------------+-----
Armour         | 3 4 5 6 8 9 10 11 12 | 12.2
Polearms       | 2 3 4 5 6 7 9 10 11 12 | 12.1
Shields        | 3 |  3.1
Fighting       | 4 5 7 8 10 11 12 13 | 13.0
Dodging        | |  0.6

Action                   |  1- 3 |  4- 6 |  7- 9 | 10-12 | 13-15 || total
-------------------------+-------+-------+-------+-------+-------++-------
Melee: Trident           |   144 |    21 |       |       |       ||   165
       Kick              |    12 |    67 |    34 |       |       ||   113
       Halberd           |       |   306 |   518 |     7 |       ||   831
       Headbutt          |       |       |     8 |   225 |    37 ||   270
       Spear             |       |       |       |  1142 |   206 ||  1348
Invok: Sacrifice Arcana  |       |       |     1 |       |       ||     1
       Power Leap        |       |       |       |     1 |       ||     1
       Sacrifice Resista |       |       |       |     1 |       ||     1
       Sacrifice Love    |       |       |       |     1 |       ||     1
       Sacrifice Stealth |       |       |       |     1 |       ||     1
Evoke: Wand              |       |       |     6 |     4 |       ||    10
  Use: Potion            |     5 |     1 |    11 |     4 |     2 ||    23
       Scroll            |     6 |     1 |     4 |    13 |       ||    24
 Stab: Distracted        |       |       |     3 |     7 |     1 ||    11
       Invisible         |       |       |       |    13 |     5 ||    18
       Paralysed         |       |       |       |     1 |       ||     1
  Eat: Chunk             |     4 |     9 |    25 |    27 |     3 ||    68
       Fruit             |       |       |     4 |     2 |     3 ||     9
       Royal jelly       |       |       |     1 |     1 |       ||     2
       Pizza             |       |       |       |     3 |       ||     3
Armor: Scale mail        |    61 |   207 |   236 |       |       ||   504
       Chain mail        |       |       |    29 |   467 |    31 ||   527
Dodge: Dodged            |    32 |   169 |   162 |   198 |    11 ||   572
Block: Shield            |    49 |     5 |       |       |       ||    54
       Other             |       |       |   138 |   380 |    48 ||   566
       Reflection        |       |       |       |    32 |     6 ||    38
